 Dungeon Crawl Stone Soup version 0.28-a0-724-g66f9036eb4 (webtiles) character file.

Game seed: 11030945045243117202

44 KoroneIsBestGirl the Skirmisher (level 3, -1/40 HPs)
             Began as an Ogre Fighter on Oct 26, 2021.
             Slain by an adder (2 damage)
             ... on level 2 of the Dungeon.
             The game lasted 00:01:10 (1467 turns).

KoroneIsBestGirl the Skirmisher (Ogre Fighter)      Turns: 1467, Time: 00:01:11

Health: -1/40      AC:  3    Str: 21    XL:     3   Next: 60%
Magic:  3/3        EV:  8    Int:  9    God:
Gold:   36         SH:  7    Dex:  8    Spells: 2/2 levels left

rFire   . . .      SeeInvis .   f - +2 trident (freeze)
rCold   . . .      Faith    .   c - +0 kite shield
rNeg    . . .      Spirit   .   b - +0 robe
rPois   .          Reflect  .   (helmet restricted)
rElec   .          Harm     .   (no cloak)
rCorr   .          Rampage  .   (gloves unavailable)
Will    .....                   (boots unavailable)
Stlth   +.........              (no amulet)
HPRegen 0.13/turn               (no ring)
MPRegen 0.08/turn               (no ring)

@: lethally poisoned (-1 -> -2)
A: large, unfitting armour, tough skin 1
a: no special abilities


You were on level 2 of the Dungeon.
You visited 1 branch of the dungeon, and saw 2 of its levels.

You collected 36 gold pieces.

Inventory:

Hand Weapons
 f - a +2 trident of freezing (weapon)
Armour
 b - a +0 robe (worn)
 c - a +0 kite shield (worn)
Scrolls
 e - a scroll of blinking {unknown}


   Skills:
 + Level 4.6 Fighting
 + Level 2.5 Polearms
 + Level 3.1 Dodging
 + Level 3.1 Shields


You had 2 spell levels left.
You didn't know any spells.
Your spell library was empty.

Dungeon Overview and Level Annotations

Branches:
Dungeon (2/15)

Altars:

Annotations:
D:2 Sigmund


Innate Abilities, Weirdness & Mutations

You are too large for most types of armour.
You have tough skin. (AC +1)


Message History

You kill the endoplasm!
You feel less confused.
You feel sick. The adder closely misses you. Something hits you!
The adder bites you.
* * * LOW HITPOINT WARNING * * *
You are more poisoned.
The adder poisons you!
It was a potion of heal wounds.
You feel much better.
You feel sick. The adder bites you.
You are more poisoned.
The adder poisons you! Something hits you.
As you open the door, it creaks loudly!
You feel sick. The adder bites you. The adder completely misses you.
You feel sick.
There is an open door here.
Found 17 gold pieces.
You feel sick.
You feel sick. The adder bites you.
* * * LOW HITPOINT WARNING * * *
You feel sick.
A rat comes into view.
You feel sick.
You feel sick. The adder bites you but does no damage.
You block the adder's attack.
You feel sick.
You are no longer poisoned.
The rat twitches its whiskers.
The adder bites you.
* * * LOW HITPOINT WARNING * * *
You are lethally poisoned!
The adder poisons you!
* * * LOW HITPOINT WARNING * * *
You feel sick.
* * * LOW HITPOINT WARNING * * *
You feel sick.
Found a scroll labelled ERUHOE OSTROLU.
* * * LOW HITPOINT WARNING * * *
You feel sick.
* * * LOW HITPOINT WARNING * * *
You feel sick. The adder bites you.
You die...

#### #... ..# ####...
..# .....# ## #.# ####
....$ .# #.##...##
#..##.###.#@....#
##...#...r.S.....#
###.#.....####.#....?#
...............##...##
....###.######## #.##
# #.# ### .# #.# #^..
.# ##'## #.... .#
##...##.....


You could see an adder and a rat.

Vanquished Creatures
  Terence (D:1)
  A dart slug (D:1)
  3 ball pythons (D:1)
  2 endoplasms (D:2)
  2 giant cockroaches (D:1)
  A hobgoblin (D:1)
  A quokka (D:1)
  A bat (D:1)
  5 rats (D:1)
17 creatures vanquished.

Notes
Turn   | Place    | Note
-------+----------+-------------------------------------------
     0 | D:1      | KoroneIsBestGirl the Ogre Fighter began the quest for the
                  | Orb.
     0 | D:1      | Reached XP level 1. HP: 24/24 MP: 1/1
   284 | D:1      | Reached XP level 2. HP: 21/32 MP: 2/2
   828 | D:1      | Found a faded altar of an unknown god.
  1186 | D:2      | Noticed Terence
  1197 | D:1      | Killed Terence
  1198 | D:1      | Reached XP level 3. HP: 9/40 MP: 3/3
  1437 | D:2      | Noticed Sigmund
  1466 | D:2      | HP: 2/40 [poisoned by an adder]
  1467 | D:2      | Slain by an adder

Illustrated notes

Levels and vault maps discovered:
D:1:      dpeg_arrival_prison, layout_loops_ring,
          ebering_ecumenical_altar_abandoned, skrybe_limestone_x
D:2:      layout_loops_corners, uniq_terence, uniq_natasha, uniq_sigmund

Skill      XL: |  1  2 |
---------------+-------+-----
Dodging        | 3 |  3.1
Shields        | 3 |  3.1
Fighting       | |  4.6
Polearms       | |  2.5

Action                   || total
-------------------------++-------
Melee: Trident           ||    68
  Use: Potion            ||     2
Armor: Robe              ||    37
Dodge: Dodged            ||    37
Block: Kite shield       ||    22

Table legend: (Time is in decaauts)
 A = Elapsed time spent in this place.
 B = Non-inter-level travel time spent in this place.
 C = Inter-level travel time spent in this place.
 D = Time resting spent in this place.
 E = Time spent auto-exploring this place.
 F = Levels seen in this place.
 G = Mean time per level.
                   A        B        C        D        E       F      G
               +--------+--------+--------+--------+--------+-----+--------+
         Total |   1494 |   1367 |    127 |    230 |    969 |   2 |  747.0 |
       Dungeon |   1494 |   1367 |    127 |    230 |    969 |   2 |  747.0 |
               +--------+--------+--------+--------+--------+-----+--------+

Top non-repeatable levels by time:
     D:1: 1457 daAuts
     D:2: 37 daAuts
